Map: Eternal Empire LE

Players

RockEr

  • Race: Protoss Protoss
  • League: Grandmaster
  • Spawn Location: 1:00

BerryRAWR - Winner!

  • Race: Terran Terran
  • League: Grandmaster
  • Spawn Location: 7:00

VOD

Have the link to the VOD?

Description

Time

  • Played on: March 3, 2020, 11:17 p.m.
  • Length: 18:04
Show
View Real Time Build Order
Export as new Build Order

RockEr Protoss 

Build Orders:  

Get SALT Encoding   

  12  0:00  Probe  
  13  0:13  Probe  
  14  0:18  Pylon  
  14  0:25  Probe (Chrono Boost)  
  15  0:37  Probe (Chrono Boost)  
  15  0:40  Gateway  
  16  0:45  Probe (Chrono Boost)  
  17  0:51  Probe, Assimilator  
  18  1:00  Pylon  
  18  1:03  Probe  
  19  1:15  Probe  
  20  1:19  Gateway  
  20  1:27  Cybernetics Core  
  20  1:31  Probe  
  21  1:43  Probe  
  22  2:00  Nexus  
  22  2:06  Stalker (Chrono Boost)  
  22  2:12  Probe  
  27  2:26  Stalker (Chrono Boost)  
  27  2:27  Stalker (Chrono Boost), Warp Gate  
  29  2:53  Probe  
  30  3:05  Probe (Chrono Boost)  
  30  3:12  Stalker  
  33  3:14  Assimilator  
  33  3:17  Probe (Chrono Boost)  
  33  3:19  Probe (Chrono Boost)  
  35  3:26  Probe x2 (Chrono Boost)  
  37  3:32  Probe (Chrono Boost)  
  37  3:34  Probe  
  39  3:44  Probe  
  39  3:46  Probe  
  39  4:02  Probe x2  
  41  4:07  Twilight Council  
  41  4:10  Gateway  
  41  4:13  Gateway  
  41  4:14  Probe (Chrono Boost)  
  41  4:15  Probe (Chrono Boost), Gateway  
  41  4:17  Pylon  
  41  4:19  Sentry  
  41  4:21  Zealot  
  45  4:26  Probe (Chrono Boost)  
  45  4:30  Nexus  
  45  4:32  Probe (Chrono Boost), Pylon  
  45  4:35  Probe (Chrono Boost)  
  45  4:36  Pylon  
  45  4:37  Pylon  
  46  4:41  Charge (Chrono Boost)  
  46  4:50  Probe  
  47  4:53  Gateway  
  47  4:55  Zealot, Gateway  
  49  5:01  Gateway  
  49  5:05  Probe x2  
  51  5:08  Zealot  
  51  5:13  Zealot  
  55  5:17  Probe, Forge  
  55  5:20  Forge  
  56  5:31  Zealot x2  
  56  5:32  Zealot  
  56  5:41  Zealot  
  50  5:50  Zealot x2, Protoss Ground Armor Level 1 (Chrono Boost)  
  53  5:58  Probe x3, Protoss Ground Weapons Level 1 (Chrono Boost)  
  53  6:01  Assimilator  
  53  6:02  Zealot x2  
  53  6:03  Zealot  
  61  6:05  Assimilator  
  61  6:10  Probe  
  61  6:11  Zealot x2  
  66  6:14  Zealot  
  66  6:17  Zealot  
  70  6:23  Stalker  
  72  6:26  Stalker  
  74  6:32  Zealot  
  74  6:33  Zealot  
  78  6:41  Probe, Pylon  
  78  6:42  Probe x2  
  76  6:54  Probe x2 (Chrono Boost)  
  76  6:59  Pylon  
  76  7:00  Probe (Chrono Boost), Pylon  
  76  7:02  Templar Archives  
  76  7:04  Gateway  
  76  7:06  Blink  
  76  7:07  Probe (Chrono Boost)  
  76  7:09  Probe  
  78  7:16  Stalker x3  
  78  7:20  Probe, Assimilator  
  85  7:23  Probe  
  85  7:24  Probe  
  87  7:32  Probe, Pylon  
  87  7:35  Probe  
  87  7:36  Pylon  
  89  7:38  Psionic Storm  
  89  7:41  High Templar  
  89  7:42  High Templar  
  89  7:43  Zealot  
  95  7:45  Zealot  
  95  7:46  Probe  
  95  7:50  Assimilator  
  98  7:55  Pylon, High Templar  
  98  7:57  Probe x2  
  98  7:58  Probe  
  103  8:02  Stalker  
  105  8:09  Probe  
  105  8:11  Stalker x3  
  111  8:22  Probe x3  
  112  8:27  Stalker x3  
  118  8:34  Probe x3  
  121  8:46  Probe x3  
  119  8:54  Gateway  
  119  8:58  Probe x2  
  119  9:00  High Templar  
  119  9:01  High Templar  
  125  9:03  Protoss Ground Weapons Level 2 (Chrono Boost)  
  125  9:06  Pylon  
  125  9:10  Nexus  
  125  9:12  Pylon  
  125  9:14  Archon  
  125  9:25  Gateway  
  125  9:27  Gateway  
  125  9:30  Gateway  
  125  9:31  Gateway  
  125  9:35  Zealot x4  
  125  9:36  Zealot, High Templar  
  125  9:37  High Templar  
  139  9:41  Pylon  
  139  9:45  Archon  
  125  9:56  High Templar x2  
  125  9:57  High Templar  
  119  10:14  Gateway  
  119  10:15  Gateway  
  119  10:17  Gateway  
  119  10:20  Gateway  
  101  10:22  Gateway  
  101  10:26  Gateway, High Templar  
  101  10:27  Zealot x2, High Templar  
  105  10:39  Probe  
  106  10:51  Probe  
  89  10:57  Zealot x2  
  89  11:03  Probe  
  70  11:18  Probe  
  59  11:26  High Templar x3  
  59  11:30  Probe  
  63  11:50  Nexus  
  63  11:51  Probe  
  63  11:52  Protoss Ground Armor Level 2 (Chrono Boost)  
  64  12:03  Probe  
  65  12:15  Probe  
  64  12:28  Probe  
  63  12:40  Probe  
  64  12:45  Pylon  
  64  12:58  High Templar x2  
  64  13:02  Probe (Chrono Boost)  
  70  13:10  Probe (Chrono Boost)  
  70  13:12  Probe (Chrono Boost)  
  70  13:16  Probe (Chrono Boost)  
  70  13:17  Probe (Chrono Boost)  
  48  13:31  High Templar  
  42  13:39  Zealot x4  
  50  13:47  Zealot x2  
  54  13:49  Probe  
  53  14:08  Zealot x4  
  61  14:15  Zealot  
  51  14:27  High Templar  
  51  14:28  Zealot x2  
  57  14:31  Probe  
  57  14:35  High Templar  
  60  14:40  Zealot  
  60  14:41  Zealot  
  60  14:43  Probe  
  65  14:50  Zealot  
  49  15:16  Assimilator  
  49  15:17  Zealot x2  
  49  15:18  High Templar  
  49  15:20  Assimilator  
  55  15:28  Zealot  
  55  15:30  Probe (Chrono Boost)  
  58  15:40  Probe (Chrono Boost)  
  59  15:44  Zealot  
  59  15:45  Probe (Chrono Boost)  
  56  15:57  Probe  
Show
View Real Time Build Order
Export as new Build Order

BerryRAWR Terran - Winner!

Build Orders: Gas First Reaper Expand 

Get SALT Encoding   

  12  0:01  SCV  
  13  0:13  SCV  
  14  0:18  Supply Depot  
  14  0:25  SCV  
  15  0:31  Refinery  
  15  0:40  SCV  
  16  0:46  Barracks  
  16  0:52  SCV  
  17  1:04  SCV  
  18  1:21  SCV  
  19  1:34  Reaper, Orbital Command  
  20  1:45  Command Center  
  20  1:56  Factory  
  20  2:01  SCV  
  21  2:08  Barracks Reactor  
  21  2:11  Supply Depot  
  21  2:20  Bunker  
  21  2:32  SCV  
  22  2:51  SCV, Marine x2  
  23  2:52  Factory Tech Lab  
  25  2:58  Refinery  
  24  3:06  SCV  
  24  3:09  Marine x2  
  24  3:11  Siege Tank  
  30  3:16  Supply Depot  
  30  3:29  SCV  
  30  3:31  Marine  
  31  3:37  Marine  
  32  3:47  Orbital Command  
  31  3:49  Marine  
  31  3:53  SCV  
  32  3:56  Starport  
  32  3:59  Marine  
  33  4:06  SCV  
  33  4:07  Marine  
  33  4:08  Siege Tank  
  38  4:14  SCV  
  39  4:18  Marine  
  39  4:23  Engineering Bay  
  40  4:25  Marine  
  40  4:27  SCV x2  
  40  4:31  Supply Depot  
  43  4:35  Medivac  
  43  4:36  Marine  
  46  4:39  SCV  
  46  4:43  Marine  
  46  4:45  SCV  
  49  4:51  SCV  
  50  4:56  Supply Depot  
  50  4:57  SCV  
  50  4:59  Supply Depot  
  52  5:03  SCV  
  52  5:06  Marine x2, Siege Tank  
  57  5:08  Starport Tech Lab  
  57  5:10  SCV  
  58  5:15  SCV  
  59  5:22  SCV  
  59  5:24  Marine x2  
  59  5:28  SCV  
  63  5:34  SCV  
  60  5:41  Marine  
  60  5:42  Marine  
  58  5:45  Barracks  
  58  5:46  Barracks  
  51  6:03  SCV x2  
  52  6:06  Bunker  
  52  6:07  Widow Mine x2, Marine  
  52  6:08  Stimpack  
  57  6:14  Raven  
  57  6:15  SCV  
  57  6:16  SCV  
  61  6:24  Command Center  
  61  6:25  Marine  
  61  6:28  SCV, Supply Depot x2  
  61  6:29  Widow Mine x2  
  61  6:30  Supply Depot  
  67  6:40  SCV  
  67  6:44  Marauder  
  69  6:50  Widow Mine  
  69  6:52  Widow Mine  
  69  6:53  Barracks Reactor  
  73  6:54  Barracks Reactor  
  73  6:58  Barracks x2  
  73  6:59  SCV x2  
  75  7:03  Refinery  
  75  7:05  Refinery, Marauder  
  75  7:07  Terran Infantry Weapons Level 1  
  77  7:08  Starport Reactor  
  77  7:11  SCV x2  
  77  7:12  Engineering Bay  
  79  7:21  Missile Turret  
  79  7:23  SCV x2  
  79  7:27  Widow Mine x2  
  79  7:28  Marauder  
  87  7:35  SCV  
  88  7:38  Orbital Command, Marine x3  
  88  7:40  SCV  
  88  7:41  Terran Infantry Armor Level 1  
  92  7:45  Supply Depot  
  92  7:46  Supply Depot  
  92  7:47  SCV  
  93  7:57  Marauder, Marine x2  
  97  8:00  Barracks Tech Lab  
  97  8:07  Orbital Command  
  97  8:16  Medivac, Marauder, Marine x3  
  97  8:17  Medivac  
  97  8:18  Marauder  
  108  8:21  Widow Mine x2  
  108  8:22  Combat Shield, Marauder  
  108  8:23  Concussive Shells  
  114  8:31  Marine  
  114  8:34  Marine  
  116  8:37  Marauder  
  116  8:38  Supply Depot x2  
  116  8:40  Marauder  
  112  8:42  Widow Mine x2  
  112  8:43  SCV x3  
  112  8:46  Marauder  
  119  8:55  SCV x3  
  120  8:57  Medivac  
  120  8:58  Medivac  
  124  9:03  Marine x2  
  124  9:05  Armory  
  124  9:07  SCV x3  
  129  9:11  Marauder x2, Marine x3  
  129  9:15  Widow Mine  
  138  9:19  SCV x3  
  138  9:21  Marine  
  138  9:22  Widow Mine  
  144  9:27  Supply Depot  
  144  9:28  Supply Depot  
  144  9:31  SCV x2, Liberator  
  148  9:33  Refinery  
  148  9:34  Refinery  
  148  9:37  Supply Depot  
  148  9:38  Supply Depot  
  149  9:48  Marine  
  149  9:49  Marauder x3, Marine  
  158  9:53  Widow Mine x2, Marine x2  
  153  10:10  Marauder x3  
  158  10:15  Marine  
  158  10:19  Widow Mine  
  159  10:24  Marine, Liberator  
  99  11:41  Orbital Command  
  99  11:45  Orbital Command  
  89  12:13  Marine  
  89  12:14  Medivac  
  86  12:16  Marauder  
  86  12:23  Medivac  
  86  12:24  Marauder, Marine x3  
  86  12:25  Marauder, Widow Mine x2  
  94  12:37  Marauder, Marine  
  92  12:46  Marauder x2, Widow Mine x2  
  92  12:48  Medivac  
  102  13:15  Marauder  
  102  13:18  Marine  
  102  13:19  Marauder  
  102  13:23  Marauder  
  101  13:28  Widow Mine x2  
  102  13:54  SCV x2, Marauder x2, Marine x2  
  110  13:55  Supply Depot  
  110  14:01  Marine  
  110  14:02  Marauder  
  110  14:07  SCV  
  109  14:17  SCV, Marauder x2, Widow Mine x2  
  109  14:19  SCV  
  110  14:27  Medivac  
  110  14:29  SCV  
  111  14:31  SCV, Refinery  
  99  15:16  SCV, Marauder x2  
  102  15:21  SCV  
  103  15:43  Marauder, Marine x3  
  103  15:44  Marauder  
  110  15:52  Medivac  
  110  15:53  Orbital Command  
  112  16:01  Widow Mine  
  106  16:22  Marauder  
  106  16:24  Marauder  
  102  16:42  Widow Mine  
  102  16:43  Marine  
  81  16:55  Orbital Command  
Tags
 
Add a new tag
Caveats
  • Supply blocks, unpowered buildings, or Contaminate may cause inaccurate times.
  • Supply counts are checked every 10 seconds.